Cogmind - Beta 12 @@@ ROGUE MODE // 2023.05.19 @ 13:08:40 Player: MoonDog Result: Destroyed by 8R-AWN with 8R-AWN's Boregun Performance ------------- Evolutions (1) 500 Regions Visited (4) 800 Robots Destroyed (11) 55 Value Destroyed (101) 101 Prototype IDs (3) 60 Alien Tech Used (0) 0 Bonus (-14) -14 TOTAL SCORE: 1502 Bonus ------- Friendly Fire -14 Cogmind --------- Core Integrity 0/400 Matter 198/300 Energy 100/100 System Corruption 0% Temperature Cool (0) Movement Flying (40) Location -9/Exiles Parts ------- > --- POWER (1) -------- (None) > --- PROPULSION (2) --- Improved Flight Unit > --- UTILITY (4) ------ Visual Processing Unit Improved Targeting Computer > --- WEAPON (2) ------- (None) > --- INVENTORY (5) ---- Small Storage Unit Sensor Array Improved Terrain Scanner Improved Assault Rifle Peak State ------------ > --- POWER ------------ Ion Engine > --- PROPULSION ------- Improved Flight Unit Improved Flight Unit > --- UTILITY ---------- Visual Processing Unit Sensor Array Targeting Computer Improved Targeting Computer > --- WEAPON ----------- Heavy EM Shotgun Improved Assault Rifle > --- INVENTORY -------- Small Storage Unit Weight Redist. System Improved Terrain Scanner EM Pulse Gun [Rating: 20] Favorites ----------- Power Ion Engine Engine Ion Engine Propulsion Wheel Wheel Wheel Flight Unit Improved Flight Unit Utility Visual Processing Unit Device Sensor Array Processor Visual Processing Unit Weapon EM Pulse Gun Energy Gun EM Pulse Gun Ballistic Gun Improved Assault Rifle Ballistic Cannon Flak Cannon Build | -11 -10 -9 -9 -9 ------- Run | Jun Mat Mat Min Exi Slots Evolved 2 | . . 2 . . Power . | . . . . . Propulsion . | . . . . . Utility 2 | . . 2 . . Weapon . | . . . . . Parts Attached 19 | 4 2 9 . 4 Power 1 | . . 1 . . Engine 1 | . . 1 . . Core . | . . . . . Reactor . | . . . . . Propulsion 4 | 2 . 2 . . Treads . | . . . . . Leg . | . . . . . Wheel 2 | 2 . . . . Hover . | . . . . . Flight 2 | . . 2 . . Utility 6 | 1 2 2 . 1 Device 3 | 1 . 1 . 1 Storage . | . . . . . Processor 3 | . 2 1 . . Hackware . | . . . . . Protection . | . . . . . Artifact . | . . . . . Weapon 8 | 1 . 4 . 3 Energy Gun 5 | 1 . 3 . 1 Energy Cannon . | . . . . . Ballistic Gun 1 | . . 1 . . Ballistic Cannon 2 | . . . . 2 Launcher . | . . . . . Special Weapon . | . . . . . Impact Weapon . | . . . . . Slashing Weapon . | . . . . . Piercing Weapon . | . . . . . Special Melee Weapon . | . . . . . Unidentified Prototypes 3 | . . 3 . . Parts Lost 6 | . . . . 6 Power 1 | . . . . 1 Propulsion 1 | . . . . 1 Utility 2 | . . . . 2 Weapon 2 | . . . . 2 Highest Loss Streak 5 | . . . . 5 To Critical Strikes 2 | . . . . 2 Average Slot Usage (%) 75 | . 69 78 88 71 Engine 3 | . . 3 11 2 Wheel 13 | . 28 9 . . Flight 10 | . . 11 22 21 Device 6 | . 1 8 11 9 Processor 28 | . 25 31 33 28 Energy Gun 10 | . 14 10 11 3 Ballistic Cannon 1 | . . . . 6 Naked Turns . | . . . . . Heaviest Build 13 | 3 3 13 10 11 Greatest Support 16 | 3 3 10 10 16 Greatest Overweight (x) 1 | . . 1 . . Average Overweight (x) . | . . . . . Largest Inventory Capacity 5 | 5 5 5 5 5 Average Capacity 5 | 5 5 5 5 5 Most Carried 5 | 4 5 5 5 5 Average Carried 4 | 3 4 4 5 4 Final Capacity 5 | 5 5 5 5 5 Final Carried 5 | 4 5 5 5 4 Class Distribution -------------------- 100% | Mutant Dominant Class ---------------- Mutant | -10/Materials Mutant | -9/Materials Mutant | -9/Mines Mutant | -9/Exiles Resources | -11 -10 -9 -9 -9 ----------- Run | Jun Mat Mat Min Exi Matter Collected 360 | 240 20 90 . 10 Remotely 38 | 28 10 . . . Salvage Created 367 | 150 69 112 . 36 Parts 28 | 11 6 7 . 4 Haulers Intercepted 2 | . 1 1 . . Recyclers Shooed . | . . . . . Parts Field Recycled . | . . . . . Retrieved Matter . | . . . . . Parts Self-Destructed . | . . . . . Prevented . | . . . . . Kills | -11 -10 -9 -9 -9 ------- Run | Jun Mat Mat Min Exi Combat Hostiles Destroyed 4 | . . . . 4 Cannons 4 | . . . . 4 Classes Destroyed 6 | 2 2 1 . 1 Worker 1 | . . 1 . . Tunneler 3 | 3 . . . . Hauler 2 | . 1 1 . . Recycler 1 | 1 . . . . Watcher 3 | . 1 2 . . Assembled 4 | . . . . 4 Best Kill Streak 3 | 2 2 2 . 3 Combat Bots Only 3 | . . . . 3 Max Kills in Single Turn 2 | 1 1 2 . 1 Gunslinging . | . . . . . Exploded . | . . . . . Melee . | . . . . . Uniques/NPCs Destroyed 1 | . . . . 1 EX-HEX (-9/Exiles) Combat | -11 -10 -9 -9 -9 -------- Run | Jun Mat Mat Min Exi Damage Taken 890 | 19 59 . 20 792 Core 429 | . 29 . . 400 Absorbed by Shields . | . . . . . Core Remaining (%) 94 | 100 88 . . . Volleys Fired 67 | 14 17 12 2 22 Largest 2 | 1 1 1 1 2 Hottest 94 | 40 40 50 50 94 Shots Fired 68 | 14 17 12 2 23 Gun 51 | 14 17 12 2 6 Cannon 17 | . . . . 17 Launcher . | . . . . . Special . | . . . . . Kinetic 17 | . . . . 17 Thermal . | . . . . . Explosive . | . . . . . Electromagnetic 51 | 14 17 12 2 6 Robot Hit Streak 13 | 4 4 3 . 13 Robot Miss Streak 11 | 3 2 2 . 11 Penetration Max . | . . . . . Secondary Targets . | . . . . . Shots Hit Robots 50 | 10 11 7 . 22 Core Hits 32 | 4 3 4 . 21 Critical Kills . | . . . . . Critical Parts Destroyed . | . . . . . Critical Strikes . | . . . . . Melee Attacks . | . . . . . Impact . | . . . . . Slashing . | . . . . . Piercing . | . . . . . Sneak Attacks . | . . . . . Combat Hostiles . | . . . . . Follow-up Attacks . | . . . . . Damage Inflicted 830 | 217 192 141 . 280 Guns 455 | 136 156 141 . 22 Cannons 258 | . . . . 258 Explosions 117 | 81 36 . . . Melee . | . . . . . Ramming . | . . . . . Kinetic 258 | . . . . 258 Thermal 117 | 81 36 . . . Explosive . | . . . . . Electromagnetic 455 | 136 156 141 . 22 Impact . | . . . . . Slashing . | . . . . . Piercing . | . . . . . Highest Corruption . | . . . . . Average Corruption . | . . . . . Corruption Purged . | . . . . . Corruption Blocked . | . . . . . Overload Shots . | . . . . . Overflow Damage . | . . . . . Projectiles . | . . . . . Explosions . | . . . . . Melee . | . . . . . Knockbacks 13 | . . . . 13 Impact . | . . . . . Kinetic 12 | . . . . 12 Secondary 1 | . . . . 1 Self-Inflicted Damage 39 | 19 . . 20 . Shots 2 | 1 . . 1 . Rammed . | . . . . . Targets Rammed . | . . . . . Kicked . | . . . . . Crushed . | . . . . . Highest Temperature 299 | 7 15 299 22 26 Average Temperature 40 | 4 9 108 11 10 Received Heat Transfer 153 | . 33 . . 120 Siege Activations . | . . . . . Robots Corrupted . | . . . . . Combat Hostiles . | . . . . . Parts Fried 2 | . . 2 . . Impact Corruptions . | . . . . . Robots Melted . | . . . . . Combat Hostiles . | . . . . . Parts Melted . | . . . . . Heat Transferred 150 | 100 50 . . . Parts Sabotaged . | . . . . . Parts Stolen . | . . . . . Parts Stripped . | . . . . . Power Chain Reactions 3 | 2 1 . . . Missiles Intercepted . | . . . . . Alert | -11 -10 -9 -9 -9 ------- Run | Jun Mat Mat Min Exi Peak Influence 223 | 20 223 212 127 . Initial 93 | . 13 93 82 . Average 114 | 10 123 156 116 . Maximum Alert Level 1 | . 1 1 . . Low Security (%) 98 | 100 97 99 100 . Level 1 1 | . 2 . . . Level 2 . | . . . . . Level 3 . | . . . . . Level 4 . | . . . . . Level 5 . | . . . . . High Security . | . . . . . Max Security . | . . . . . Squads Dispatched 2 | . 1 1 . . Investigation 2 | . 1 1 . . Extermination . | . . . . . Reinforcement . | . . . . . Assault . | . . . . . Garrison . | . . . . . Intercept . | . . . . . Searches Triggered . | . . . . . Construction Impeded . | . . . . . Haulers Reinforced . | . . . . . Active Scanning Responses . | . . . . . Cargo Convoy Interrupts . | . . . . . Stealth | -11 -10 -9 -9 -9 --------- Run | Jun Mat Mat Min Exi Distress Signals 2 | . . 2 . . Communications Jammed . | . . . . . Distress Signals . | . . . . . Times Spotted 29 | . 11 10 . 8 Peak Tracking Total 10 | . 4 10 . 9 Tactical Retreats 4 | . 4 . . . Traps | -11 -10 -9 -9 -9 ------- Run | Jun Mat Mat Min Exi Traps Triggered . | . . . . . Indirectly . | . . . . . Trap Hack Attempts . | . . . . . Triggered . | . . . . . Disarmed 6 | . . 6 . . Reprogrammed . | . . . . . Reused . | . . . . . Traps Extracted . | . . . . . Installed . | . . . . . Triggered . | . . . . . Machines | -11 -10 -9 -9 -9 ---------- Run | Jun Mat Mat Min Exi Machines Disabled 3 | . . . 2 1 Max in Single Turn 1 | . . . 1 1 Machines Repaired . | . . . . . Machines Sabotaged . | . . . . . Overloaded Fab Kills . | . . . . . Hacking | -11 -10 -9 -9 -9 --------- Run | Jun Mat Mat Min Exi Machines Accessed 7 | . 2 4 . 1 Terminals 6 | . 2 4 . . Fabricators . | . . . . . Repair Stations . | . . . . . Recycling Units . | . . . . . Scanalyzers . | . . . . . Garrison Access . | . . . . . Total Hacks 27 | . 6 15 . 6 Successful 16 | . 4 6 . 6 Failed 11 | . 2 9 . . Catastrophic 1 | . . 1 . . Database Lockouts . | . . . . . Manual 13 | . 6 7 . . Terminals 21 | . 6 15 . . Fabricators . | . . . . . Repair Stations . | . . . . . Recycling Units . | . . . . . Scanalyzers . | . . . . . Garrison Access . | . . . . . Terminal Hacks 9 | . . 3 . 6 Record 6 | . . . . 6 Level Access Points 1 | . . 1 . . Disarm Traps 1 | . . 1 . . Recall Investigation 1 | . . 1 . . Fabricator Hacks . | . . . . . Repair Station Hacks . | . . . . . Recycling Unit Hacks . | . . . . . Scanalyzer . | . . . . . Garrison Access Hacks . | . . . . . Unauthorized Hacks 7 | . 4 3 . . Terminals 7 | . 4 3 . . Track 1 | . 1 . . . Assimilate 1 | . . 1 . . Botnet 4 | . 2 2 . . Operators 1 | . 1 . . . Fabricators . | . . . . . Repair Stations . | . . . . . Recycling Units . | . . . . . Scanalyzers . | . . . . . Garrison Access . | . . . . . Data Cores Recovered . | . . . . . Used . | . . . . . Hacking Detections 6 | . 2 4 . . Full Trace Events 2 | . 1 1 . . Feedback Events . | . . . . . Feedback Blocked . | . . . . . Robot Schematics Acquired . | . . . . . Robots Built . | . . . . . Authchips . | . . . . . Time . | . . . . . Total Robot Build Rating . | . . . . . Part Schematics Acquired . | . . . . . Parts Built . | . . . . . Authchips . | . . . . . Time . | . . . . . Total Part Build Rating . | . . . . . Parts Repaired . | . . . . . Time . | . . . . . Parts Recycled . | . . . . . Recycled Matter . | . . . . . Retrieved Matter . | . . . . . Retrieved Components . | . . . . . Parts Scanalyzed . | . . . . . Part Schematics Acquired . | . . . . . Parts Damaged . | . . . . . Bothacking | -11 -10 -9 -9 -9 ------------ Run | Jun Mat Mat Min Exi Used RIF Installer . | . . . . . Robots Hacked . | . . . . . Non-combat . | . . . . . Combat . | . . . . . Robot Hacks Applied . | . . . . . Relay Couplers Released . | . . . . . Fabnet Peak Effective % . | . . . . . Robots Rewired . | . . . . . Allies Hacked . | . . . . . Hacks Repelled . | . . . . . Allies | -11 -10 -9 -9 -9 -------- Run | Jun Mat Mat Min Exi Total Allies 2 | . . 1 1 . Largest Group 1 | . . 1 1 . Highest-Rated Group 31 | . . 10 31 . Highest-Rated Ally 31 | . . 10 31 . Total Orders . | . . . . . Ally Attacks . | . . . . . Total Damage . | . . . . . Kills . | . . . . . Allies Corrupted . | . . . . . Allies Melted . | . . . . . Intel | -11 -10 -9 -9 -9 ------- Run | Jun Mat Mat Min Exi Robot Analysis Total . | . . . . . Derelict Logs Recovered . | . . . . . Drone Launches . | . . . . . Drone Recoveries . | . . . . . Exploration | -11 -10 -9 -9 -9 ------------- Run | Jun Mat Mat Min Exi Turns Passed 929 | 102 348 179 142 158 Spaces Moved 1309 | 97 410 244 373 185 Core 620 | 97 410 113 . . Treads . | . . . . . Legs . | . . . . . Wheels . | . . . . . Hover . | . . . . . Flight 689 | . . 131 373 185 Fastest Speed 37 | 50 50 37 37 37 Average Speed 43 | 50 50 43 37 37 Slowest Speed 107 | 50 50 107 37 40 Overloaded Moves . | . . . . . Propulsion Burnouts . | . . . . . Robots Hopped 11 | . . 8 2 1 Cave-ins Triggered . | . . . . . Exploration Rate (%) 35 | 4 62 18 54 40 Regions Visited 4 Branch Regions 2 Pre-discovered Areas . | . . . . . Known Exits Taken . | . . . . . Unknown Exits Taken 4 | 1 1 1 1 . Scrap Searched 1 | . . . 1 . Spaces Dug . | . . . . . Terrain Destroyed 23 | 6 2 . 15 . Melee . | . . . . . Projectile . | . . . . . AOE 23 | 6 2 . 15 . Terrain Rammed . | . . . . . Walls Destroyed . | . . . . . Machines Disabled . | . . . . . Actions | -11 -10 -9 -9 -9 --------- Run | Jun Mat Mat Min Exi Total 1586 | 133 535 296 372 250 Wait 183 | 15 103 26 . 39 Move 1283 | 96 409 227 368 183 Hop 11 | . . 8 2 1 Pick Up 9 | 4 2 3 . . Fast Attach 15 | 4 2 8 . 1 Attach 3 | . . 1 . 2 Detach 4 | . . 3 . 1 Swap 1 | . . . . 1 Drop 10 | . 2 8 . . Fire 67 | 14 17 12 2 22 Melee . | . . . . . Ram . | . . . . . Kick . | . . . . . Crush . | . . . . . Escape Stasis . | . . . . . Rewire . | . . . . . Trap . | . . . . . Miscellaneous . | . . . . . Route ------- -11/Junkyard -10/Materials (discovered 2 exits: *Mat / [*Min]) -9/Materials (discovered 4 exits: Mat x3 / [*Min]) -9/Mines (discovered 2 exits: *Mat / *Exi) -9/Exiles (discovered 1 exit: [*Min]) History --------- Turn | Location | Event 3 | -11/Junkyard | Discovered new exit (range 14) 103 | -11/Junkyard | Entered Materials 167 | -10/Materials | Discovered new exit (range 7) 305 | -10/Materials | Build established: Mutant 450 | -10/Materials | Discovered new exit (range 4) 451 | -10/Materials | Entered another Materials area 451 | -9/Materials | Evolved 2 slots: Utility x2 514 | -9/Materials | Identified exit to Materials 524 | -9/Materials | Discovered new exit (range 7) 630 | -9/Materials | Entered Mines 633 | -9/Mines | Met a Derelict bent on vengeance 663 | -9/Mines | Found a hidden stash of uninstalled traps 665 | -9/Mines | Discovered exit to Materials (range 14) 743 | -9/Mines | Received a Mining Laser from a helpful Derelict 770 | -9/Mines | Deemed a non-threat by the Exiles lab entrance 770 | -9/Mines | Discovered new exit (range 5) 772 | -9/Mines | Entered Exiles 778 | -9/Exiles | Discovered new exit (range 16) 790 | -9/Exiles | Met 8R-AWN 798 | -9/Exiles | Met EX-HEX 803 | -9/Exiles | Attacked by the Exiles 813 | -9/Exiles | Destroyed EX-HEX 895 | -9/Exiles | Core integrity fell below 50% 911 | -9/Exiles | Core integrity fell below 20% 930 | -9/Exiles | Destroyed by 8R-AWN with 8R-AWN's Boregun Last Messages --------------- 00910_ HV Slug penetrates Earth. 00910_ HV Slug penetrates HEX's Workstation. 00912_ Penetrated by HV Slug. 00912_ HV Slug penetrates Earth. 00912_ Penetrated by HV Slug. 00912_ HV Slug penetrates Earth. 00914_ Penetrated by HV Slug. 00914_ HV Slug penetrates Earth. 00914_ Penetrated by HV Slug. 00914_ HV Slug penetrates Earth. 00917_ HV Slug penetrates HEX's Workstation. 00917_ Penetrated by HV Slug. 00917_ HV Slug penetrates Earth. 00919_ Penetrated by HV Slug. 00919_ Weight Redist. System destroyed. 00919_ HV Slug penetrates Earth. 00919_ HV Slug penetrates HEX's Workstation. 00926_ Penetrated by HV Slug. 00926_ Imp. Flight Unit destroyed. 00926_ Penetrated by HV Slug. Map ----- +----------------------------------------------------+ | | | | | | | | | | | | | | | | | | | | | | | | | | | | | | | | | | | | | | | ?????????????????????????????????????????????????? | | ?????????????????????????????????????????????????? | | ?????????????????????????????????????????????????? | | ?????????????????????????????????????????????????? | | ?????????????????????????????????????????????????? | | ???????????????????########??????????????????????? | | ???????????????????#X @#??????????????????????? | | ???????????????????## #??????????????????????? | | ????????????????????# #??????????????????????? | | ????????????????????# #########??????????????? | | ???????????????????## ##"""" #??????????????? | | ???????????????????#; g## " ###########????? | | ???????????????????## % " #????? | | ????????????????????# ## ""###########????? | | ??????????????####??# ##" "" #??????????????? | | ??????????????"""""?# ####"####??????????????? | | ?????????????"""" ## #??## #????????????????? | | ????????????#""X" #????# #???????????????? | | ????????????#" #?????# #??????????????? | | ????????????#" ## #??????# #?????????????? | | ????????????#""""""?# "???????#"#????????????? | | ????????????##"###??# #????"""?""#???????????? | | ????????????????????# #???""""""##???????????? | | ????????????????????# #??"""""""?????????????? | | ???????????????????## ###"" """"?????????????? | | ???????????????????#" """"#????????????? | | ???????????????????#" """#????????????? | | ???????????????????#" """#????????????? | | ???????????????????#" % """#????????????? | | ???????????????????#" % """#????????????? | | ???????????????????#" """#????????????? | +----------------------------------------------------+ Best States ------------- Heat Dissipation 28 Energy Generation 10 Energy Capacity 250 Matter Stores 300 Matter Capacity 300 Sight Range 18 Robot Scan Range 14 Terrain Scan Density 10 Additional Mass Support 6 Evasion (%) 62 Targeting Accuracy 11 Item Schematics ----------------- None Robot Schematics ------------------ None Fabricated ------------ Nothing Alien Tech Used ----------------- None Achievements -------------- None Challenges ------------ None Game ------ Seed LightpackMiniSpear Manual? 0 Play Time 00:54:38 Cumulative 130.3 hours Start 2023.05.15 @ 01:15:06 End 2023.05.19 @ 13:08:40 Sessions 3 Manual Loads 0 Difficulty Rogue Special Mode None Game No. 118 Rogue 118 Adventurer 0 Explorer 0 Win Type - Total 1 Types 1/0/0/0/0/0/0/0/0 Lore% 40 Gallery% 56 Achievement% 47 Wizard Run 0 Options --------- ASCII 0 Keyboard 0 Movement Mouse Keybinds 0 Fullscreen 1 Font 18/SmallcapsGlow Map View 76x50 Tactical HUD 1 Map Filters NONE Filters NONE Steam 1 RUN: a297abb2-8ef4-4f80-942b-5053048e8208